 Dungeon Crawl Stone Soup version 0.29.1-14-g9c671dbff4 (webtiles) character file.

Game seed: 8605907615967318620

315 Gabide the Ogre Mage (level 6, -7/57 HPs)
             Began as an Ogre Conjurer on Feb 16, 2023.
             Killed from afar by an orc wizard (11 damage)
             ... with a puff of flame
             ... on level 4 of the Dungeon.
             The game lasted 00:06:05 (4823 turns).

Gabide the Ogre Mage (Ogre Conjurer)                Turns: 4823, Time: 00:06:06

Health: -7/57      AC:  3    Str: 12    XL:     6   Next: 44%
Magic:  0/15       EV:  9    Int: 21    God:
Gold:   270        SH:  0    Dex:  7    Spells: 14/17 levels left

rFire   . . .      SeeInvis .   s - +0 falchion (vamp)
rCold   . . .      Faith    .   (no shield)
rNeg    . . .      Spirit   .   a - +0 robe
rPois   .          Reflect  .   (helmet restricted)
rElec   .          Harm     .   (no cloak)
rCorr   .          Rampage  .   (gloves unavailable)
Will    .....                   (boots unavailable)
Stlth   +.........              (no amulet)
HPRegen 0.19/turn               f - ring of flight
MPRegen 0.14/turn               (no ring)

@: brilliant, flying, very slightly contaminated
A: large, unfitting armour, tough skin 1
a: no special abilities


You were on level 4 of the Dungeon.
You visited 1 branch of the dungeon, and saw 4 of its levels.

You collected 270 gold pieces.

Inventory:

Hand Weapons
 s - a +0 vampiric falchion (weapon)
Armour
 a - a +0 robe (worn)
Jewellery
 f - a ring of flight (left hand)
 t - an amulet of faith
Wands
 l - a wand of paralysis (12)
 n - a wand of polymorph (8)
Scrolls
 b - 2 scrolls of identify
 c - a scroll of magic mapping {unknown}
 e - a scroll of immolation {unknown}
 j - 2 scrolls of teleportation {unknown}
 m - a scroll of torment {unknown}
 p - 2 scrolls of amnesia {unknown}
Potions
 d - a potion of might
 g - 3 potions of brilliance
 h - 2 potions of lignification
 i - a potion of attraction
 k - a potion of mutation
 o - a potion of flight {unknown}
 q - a potion of berserk rage {unknown}
 r - a potion of haste {unknown}


   Skills:
 - Level 2.0 Fighting
 - Level 2.0 Dodging
 - Level 1.4 Stealth
 - Level 6.0 Spellcasting
 + Level 4.7 Conjurations


You had 14 spell levels left.
You knew the following spells:

 Your Spells              Type           Power      Damage    Failure   Level
a - Magic Dart            Conj           100%       1d8       1%          1
b - Searing Ray           Conj           78%        2d7       2%          2

Your spell library contained the following spells:

 Spells                   Type           Power      Damage    Failure   Level
 Dazzling Flash           Conj/Hex       48%        N/A       11%         3
 Call Canine Familiar     Summ           9%         N/A       28%         3
 Gell's Gravitas          Tloc           9%         N/A       28%         3
 Portal Projectile        Hex/Tloc       18%        N/A       28%         3
 Teleport Other           Tloc           9%         N/A       28%         3
 Fulminant Prism          Conj/Hex       12%        3d9       36%         4
 Iskenderun's Mystic Bla  Conj/Tloc      24%        2d7       36%         4
 Leda's Liquefaction      Hex/Erth       4%         N/A       67%         4
 Dispersal                Tloc           4%         N/A       100%        6


Dungeon Overview and Level Annotations

Branches:
Dungeon (4/15)
 Temple: D:4-7

Altars:
Ashenzari
Ru
Uskayaw

Shops:
D:4 *


Innate Abilities, Weirdness & Mutations

You are too large for most types of armour.
You have tough skin. (AC +1)


Message History

Aiming: Searing Ray (safe; 2% risk of failure)
Press: ? - help, Q - select action, (/) - cycle Shift-Dir - straight line (Press . to maintain the ray.)
You hear some strange, mumbled words.
A magic dart appears from out of thin air!
The magic dart hits you.
* * * LOW HITPOINT WARNING * * *
You miss something.
You hear some strange, mumbled words.
A magic dart appears from out of thin air!
The magic dart hits you.
* * * LOW HITPOINT WARNING * * *
It was a potion of brilliance.
You feel clever all of a sudden.
An orc wizard appears from thin air!
Reactivating autopickup.
The orc wizard hits you with a +0 dagger.
* * * LOW HITPOINT WARNING * * *
You closely miss the orc wizard.
The orc wizard is almost dead.
The orc wizard closely misses you.
You closely miss the orc wizard.
The orc wizard is almost dead.
The orc wizard hits you with a +0 dagger.
* * * LOW HITPOINT WARNING * * *
The orc wizard hits you but does no damage.
You barely miss the orc wizard.
The orc wizard is almost dead.
The orc wizard barely misses you.
Casting: Searing Ray (safe; 2% risk of failure)
Confirm with . or Enter, or press ? or * to list all spells.
Aiming: Magic Dart (safe; 1% risk of failure)
Press: ? - help, Shift-Dir - straight line, f - orc wizard
Aim: an orc wizard, wielding a +0 dagger and wearing a +0 robe (almost dead, 100% to hit)
You feel a surge of power!
You miscast Magic Dart.
You are very lightly contaminated with residual magic.
Nothing appears to happen.
The orc wizard gestures at you while chanting.
The puff of flame hits you!
You die...

...#....########......#
...#....#........######
...#....#........#
...#....#........# ####
+........#
#........######
.#########.....#
.........#..)..#
......))o@.....#
.....)...#.....#
..#...)..#.....#
#......#.....#
<.......###+###
.∩.8.....# .........#
.8#......#


You could see an orc wizard.

Vanquished Creatures
  A phantom (D:4)
  2 orc priests (D:4)
  An orc wizard (D:3)
  A gnoll (D:1)
  6 adders
  2 dart slugs (D:3)
  9 orcs
  3 endoplasms
  3 giant cockroaches
  8 goblins
  7 hobgoblins
  12 jackals
  3 kobolds
  6 quokkas
  10 ball pythons
  3 bats
  3 frilled lizards
  7 rats
87 creatures vanquished.

Notes
Turn   | Place    | Note
-------+----------+-------------------------------------------
     0 | D:1      | Gabide the Ogre Conjurer began the quest for the Orb.
     0 | D:1      | Reached XP level 1. HP: 16/16 MP: 3/3
   227 | D:1      | Reached skill level 3 in Spellcasting
   227 | D:1      | Reached XP level 2. HP: 24/24 MP: 1/6
  1064 | D:1      | Reached XP level 3. HP: 31/31 MP: 4/8
  1073 | D:1      | Reached skill level 4 in Spellcasting
  1733 | D:2      | Reached skill level 1 in Fighting
  1737 | D:2      | Reached XP level 4. HP: 32/41 MP: 0/10
  2263 | D:2      | Found a faded altar of an unknown god.
  3060 | D:3      | Reached skill level 5 in Spellcasting
  3060 | D:3      | Reached XP level 5. HP: 49/49 MP: 0/12
  3188 | D:3      | Found a broken altar of Ashenzari.
  3304 | D:3      | Found a hide-covered altar of Uskayaw.
  3305 | D:3      | Found a sacrificial altar of Ru.
  3959 | D:3      | Learned a level 2 spell: Searing Ray
  4509 | D:4      | Noticed a phantom
  4530 | D:4      | Killed a phantom
  4531 | D:4      | Reached skill level 6 in Spellcasting
  4531 | D:4      | Reached XP level 6. HP: 39/57 MP: 1/15
  4778 | D:4      | Found Kugyrerph's Assorted Antiques.
  4823 | D:4      | Killed from afar by an orc wizard

Illustrated notes

Levels and vault maps discovered:
D:1:      lemuel_arrival_river_passageway, layout_basic
D:2:      layout_basic, basic_ecumenical_altar, kennysheep_potato
D:3:      layout_basic, old_standard_altar, nicolae_overflow_squiral,
          minmay_cut_off
D:4:      layout_gridville, serial_shops, nicolae_shop_statue_plus, minivault_1,
          minmay_misc_feat_nine_boxes, minmay_circle_x

Skill      XL: |  1  2  3  4  5 |
---------------+----------------+-----
Dodging        | 2 |  2.0
Spellcasting   | 3 4 5 6 |  6.0
Conjurations   | 4 |  4.7
Fighting       | 1 2 |  2.0
Stealth        | |  1.4

Action                   |  1- 3 |  4- 6 || total
-------------------------+-------+-------++-------
Melee: Unarmed           |    30 |       ||    30
       Whip              |    20 |    13 ||    33
       Falchion          |       |    24 ||    24
 Cast: Magic Dart        |    74 |   109 ||   183
       Searing Ray       |       |    12 ||    12
  Use: Potion            |     1 |     1 ||     2
       Scroll            |       |     4 ||     4
Armor: Robe              |    29 |    22 ||    51
Dodge: Dodged            |    41 |    18 ||    59
